 Dungeon Crawl Stone Soup version 0.22-a0-253-gf9d0ce5 (webtiles) character file.

1418 Partyfoot the Cutter (level 9, 0/55 HPs)
             Began as a Kobold Berserker on Mar 3, 2018.
             Was a Priest of Trog.
             Slain by an orc warrior
             ... wielding a +0 mace
              (11 damage)
             ... on level 6 of the Dungeon.
             The game lasted 00:16:49 (5495 turns).

Partyfoot the Cutter (Kobold Berserker)             Turns: 5495, Time: 00:16:50

Health: 0/55       AC:  3    Str: 15    XL:     9   Next: 2%
Magic:  9/9        EV: 19    Int:  8    God:    Trog [***...]
Gold:   252        SH:  0    Dex: 17    Spells: 8/8 levels left

rFire    . . .     SeeInvis .   a - +1 dagger (speed)
rCold    . . .     Gourm    .   (shield restricted)
rNeg     . . .     Faith    .   D - +0 robe (curse)
rPois    +         Spirit   .   (no helmet)
rElec    .         Reflect  .   x - +0 cloak
rCorr    .         Harm     .   (no gloves)
MR       .....                  (no boots)
Stlth    ++++......             (no amulet)
HPRegen  0.18/turn              A - ring of stealth
MPRegen  0.11/turn              s - ring of poison resistance

@: berserk cooldown, slowed, very slow
A: small, carnivore
a: Berserk, Trog's Hand, Renounce Religion


You were on level 6 of the Dungeon.
You worshipped Trog.
Trog was most pleased with you.
You were very full.

You visited 1 branch of the dungeon, and saw 6 of its levels.

You collected 252 gold pieces.

Inventory:

Hand Weapons
 a - a +1 dagger of speed (weapon)
 b - a +0 blowgun
 e - a +0 hunting sling
 f - a +0 short sword
 E - a +0 rapier
Missiles
 w - 139 stones (quivered)
 y - 44 poisoned needles
 B - 3 tomahawks
 K - 2 needles of confusion
Armour
 x - a +0 cloak (worn)
 D - a cursed +0 robe (worn)
 H - a +0 animal skin
 I - a +1 robe of fire resistance
Jewellery
 s - a ring of poison resistance (right hand)
 A - a ring of stealth (left hand)
 G - an uncursed amulet of harm {unknown}
Wands
 z - a wand of clouds (3)
Scrolls
 g - 2 scrolls of blinking {unknown}
 i - a scroll of magic mapping {unknown}
 k - 8 scrolls of remove curse {unknown}
 l - 3 scrolls of fear {unknown}
 m - a scroll of random uselessness {unknown}
 n - 4 scrolls of teleportation {unknown}
 o - 2 scrolls of noise {unknown}
 p - 7 scrolls of identify {unknown}
 u - a scroll of immolation {unknown}
 J - 2 scrolls of enchant armour {unknown}
Potions
 d - 2 potions of haste {unknown}
 h - 3 potions of invisibility {unknown}
 j - 3 potions of curing {unknown}
 q - 2 potions of might {unknown}
 r - a potion of magic {unknown}
 t - a potion of mutation {unknown}
 v - a potion of cancellation {unknown}
 C - a potion of flight {unknown}
 F - 3 potions of degeneration {unknown}
Comestibles
 c - 12 rations


   Skills:
 + Level 6.2 Fighting
 + Level 7.5 Short Blades
 + Level 2.4 Throwing
 - Level 3.0 Armour
 + Level 6.1 Dodging
 + Level 6.5 Stealth


You had 8 spell levels left.
You didn't know any spells.

Dungeon Overview and Level Annotations

Branches:
Dungeon (6/15)             Temple (0/1) D:6

Altars:
Ashenzari
Cheibriados
Fedhas
Hepliaklqana
Kikubaaqudgha
Makhleb
Sif Muna
Uskayaw
Wu Jian
Xom


Innate Abilities, Weirdness & Mutations

You are small and have problems with some larger weapons.
You are carnivorous and can eat meat at any time.


Message History

Press: ? - help, Shift-Dir - straight line, f/p - water moccasin
Aim: a water moccasin (lightly wounded)
You shoot a needle of confusion.
The needle of confusion hits the water moccasin.
The water moccasin appears confused.
The water moccasin is lightly wounded.
The water moccasin misses you.
The water moccasin closely misses the orc warrior.
Wield which item (- for none, * to show all)? (? for menu, Esc to quit)
Your hands tingle!
a - a +1 dagger of speed (weapon)
You hit the orc warrior but do no damage.
You closely miss the orc warrior. The orc warrior hits you with a mace!
* * * LOW HITPOINT WARNING * * *
An orc comes into view. It is wielding a club.
The water moccasin bites the orc warrior but does no damage.
Things that are here:
3 poisoned tomahawks; a tomahawk of dispersal The water moccasin bites the orc.
The orc warrior hits you with a mace!
You die...

##........<..#
#.....####.#.#
#.#####.# ..
#.......# .#
######..# .. #..##.#
# ########.....#
.........###########
.......S(5oo@.......
.........###########
........(#
.S.......#
..:......#
.........#
.........#
.........#
.##'##...#


You could see an orc warrior, a water moccasin (confused), a crimson imp and an
orc.

Vanquished Creatures
  2 ice beasts (D:5)
  3 centaurs (D:5)
  4 big kobolds (D:6)
  2 howler monkeys
  A bullfrog skeleton (D:4)
  A jelly (D:5)
  An orc wizard (D:4)
  2 orc priests (D:4)
  The ghost of Bunnehwyld the Scratcher, a weakling FeTm (D:3)
  3 hounds
  Crazy Yiuf (D:2)
  A centaur skeleton (D:5)
  Jessica (D:2)
  2 worker ants
  A killer bee zombie (D:6)
  3 gnolls (D:4)
  10 adders
  3 shadow imps
  An ooze (D:3)
  An adder skeleton (D:5)
  A worm (D:2)
  2 dart slugs (D:2)
  3 leopard geckos
  8 orcs
  A ball python (D:3)
  8 bats
  4 giant cockroaches
  7 hobgoblins
  3 jackals (D:5)
  9 kobolds
  2 quokkas (D:3)
  4 frilled lizards
  9 goblins
  6 rats
111 creatures vanquished.

Notes
Turn   | Place    | Note
-------+----------+-------------------------------------------
     0 | D:1      | Partyfoot the Kobold Berserker began the quest for the Orb.
     0 | D:1      | Reached XP level 1. HP: 14/14 MP: 1/1
   107 | D:1      | Reached XP level 2. HP: 17/19 MP: 2/2
   148 | D:1      | Found a shattered altar of Ashenzari.
   182 | D:1      | Reached skill level 1 in Stealth
   798 | D:2      | Reached XP level 3. HP: 15/23 MP: 3/3
  1239 | D:2      | Reached ** piety under Trog
  1295 | D:2      | Found a shimmering altar of Xom.
  1302 | D:2      | Found a hide-covered altar of Uskayaw.
  1340 | D:2      | Noticed Jessica
  1347 | D:2      | Reached XP level 4. HP: 29/29 MP: 4/4
  1351 | D:2      | Killed Jessica
  1414 | D:2      | Reached XP level 5. HP: 33/33 MP: 5/5
  1504 | D:2      | Found a deep blue altar of Sif Muna.
  1598 | D:2      | Found a snail-covered altar of Cheibriados.
  1777 | D:2      | Found a runed door.
  1781 | D:2      | Noticed Crazy Yiuf
  1785 | D:2      | Killed Crazy Yiuf
  2002 | D:3      | Found a shattered altar of Ashenzari.
  2089 | D:3      | Noticed Bunnehwyld's ghost (weakling FeTm)
  2106 | D:3      | Killed Bunnehwyld's ghost
  2106 | D:3      | Reached skill level 5 in Short Blades
  2255 | D:3      | Reached XP level 6. HP: 38/38 MP: 6/6
  2467 | D:3      | Found a burning altar of Makhleb.
  2569 | D:4      | Reached *** piety under Trog
  2866 | D:4      | Found an ancient bone altar of Kikubaaqudgha.
  2867 | D:4      | Found an ornate altar of the Wu Jian Council.
  2906 | D:4      | Reached XP level 7. HP: 44/44 MP: 7/7
  3408 | D:4      | Reached skill level 5 in Fighting
  3683 | D:5      | Entered Level 5 of the Dungeon
  3903 | D:5      | Reached skill level 6 in Short Blades
  3927 | D:5      | Reached skill level 5 in Dodging
  3927 | D:5      | Reached skill level 5 in Stealth
  3963 | D:5      | Reached XP level 8. HP: 50/50 MP: 8/8
  4129 | D:5      | Found a blossoming altar of Fedhas.
  4656 | D:5      | Reached skill level 1 in Throwing
  4658 | D:5      | Reached skill level 7 in Short Blades
  5365 | D:6      | Found a hazy altar of Hepliaklqana.
  5373 | D:6      | Found a staircase to the Ecumenical Temple.
  5462 | D:6      | Received a gift from Trog
  5462 | D:6      | Reached XP level 9. HP: 55/55 MP: 9/9
  5495 | D:6      | Slain by an orc warrior

Vault maps used:
D:1:      matt_arrival_diagonals, ashenzari_altar_1
D:2:      kennysheep_slug_shrine, led_sif_pool, amethyst_overflow_temple_binary,
          uniq_jessica, uniq_crazy_yiuf_cottage
D:3:      old_standard_altar, bloody_makhleb, first_ration, kennysheep_path_1
D:4:      gammafunk_temple_overflow_statue
D:5:      fedhas_bush_and_centaur_altar
D:6:      lemuel_crystal_altar, minmay_temple_entry_crystal_x,
          minmay_unpleasant_kobolds

Skill      XL: |  1  2  3  4  5  6  7  8 |
---------------+-------------------------+-----
Stealth        | 1 2 3 5 6 |  6.5
Armour         | 2 3 |  3.0
Dodging        | 3 4 5 6 |  6.1
Fighting       | 4 5 6 |  6.2
Short Blades   | 5 6 7 |  7.5
Throwing       | 2 |  2.4

Action                   |  1- 3 |  4- 6 |  7- 9 || total
-------------------------+-------+-------+-------++-------
Melee: Short sword       |     9 |       |       ||     9
       Dagger            |    73 |   167 |   253 ||   493
 Fire: Blowgun           |       |       |     8 ||     8
Invok: Berserk           |     3 |     6 |     2 ||    11
 Stab: Sleeping          |     1 |     7 |    10 ||    18
       Distracted        |       |       |     1 ||     1
  Eat: Chunk             |    12 |    10 |    10 ||    32
Armor: Animal skin       |     8 |    13 |       ||    21
       Robe              |       |     1 |    11 ||    12
Dodge: Dodged            |    32 |    85 |   103 ||   220

Table legend:
 A = Spawn XP
 B = Non-spawn XP
 C = Spawn XP percentage of total XP
 D = Spawn monster count
 E = Non-spawn monster count
 F = Spawn count percentage of total count
 G = Total turns spent on level
                    A         B        C        D         E        F      G
               +---------+---------+-------+---------+---------+-------+---------
         Total |       0 |    2026 |   0.0 |       0 |     111 |   0.0 |  5495
               +---------+---------+-------+---------+---------+-------+---------
           D:1 |       0 |      25 |   0.0 |       0 |      16 |   0.0 |   768
           D:2 |       0 |     170 |   0.0 |       0 |      27 |   0.0 |  1109
           D:3 |       0 |     111 |   0.0 |       0 |      19 |   0.0 |   686
           D:4 |       0 |     415 |   0.0 |       0 |      21 |   0.0 |  1219
           D:5 |       0 |     817 |   0.0 |       0 |      18 |   0.0 |  1446
           D:6 |       0 |     488 |   0.0 |       0 |      10 |   0.0 |   267
               +---------+---------+-------+---------+---------+-------+---------
